 Dungeon Crawl Stone Soup version 0.30-b1-2-g02819fbbbe (webtiles) character file.

Game seed: 9339406329686563050

345 Borgoz the Sneak (level 6, -1/37 HPs)
             Began as a Kobold Enchanter on June 25, 2023.
             Splashed by a jelly's acid (9 damage)
             ... on level 4 of the Dungeon.
             The game lasted 00:05:19 (3219 turns).

Borgoz the Sneak (Kobold Enchanter)                 Turns: 3219, Time: 00:05:20

Health: -1/37      AC:  0    Str:  7    XL:     6   Next: 90%
Magic:  2/10       EV: 16    Int: 17    God:
Gold:   169        SH:  0    Dex: 15    Spells: 5/10 levels left

rFire   . . .        a - +1 dagger
rCold   . . .        (no shield)
rNeg    . . .        b - +0 robe
rPois   .            (no helmet)
rElec   .            f - +0 cloak
rCorr   .            o - +0 pair of gloves
SInv    .            (no boots)
Will    +....        t - amulet of faith
Stlth   ++++         m - ring of flight
HPRegen 0.26/turn    u - ring of willpower
MPRegen 0.12/turn

%: faith
@: corroded, flying
A: small, no large weapons, nightstalker 3
a: no special abilities


You were on level 4 of the Dungeon.
You visited 1 branch of the dungeon, and saw 4 of its levels.

You collected 169 gold pieces.

Inventory:

Hand Weapons
 a - a +1 dagger (weapon)
Missiles
 r - 7 poisoned darts (quivered)
Armour
 b - a +0 robe (worn)
 f - a +0 cloak (worn)
 o - a +0 pair of gloves (worn)
Jewellery
 m - a ring of flight (left hand)
 t - an amulet of faith (around neck)
 u - a ring of willpower (right hand)
Scrolls
 d - a scroll of teleportation {unknown}
 g - a scroll of fear {unknown}
 i - a scroll of enchant armour {unknown}
 j - 3 scrolls of identify {unknown}
 k - a scroll of fog {unknown}
 l - 2 scrolls of blinking {unknown}
 q - a scroll of vulnerability {unknown}
 s - a scroll of noise {unknown}
 w - a scroll of immolation {unknown}
Potions
 c - a potion of invisibility
 e - 2 potions of lignification {unknown}
 h - a potion of curing {unknown}
 n - a potion of magic {unknown}
 p - a potion of flight {unknown}
 v - 2 potions of haste {unknown}


   Skills:
 * Level 3.1 Fighting
 * Level 3.8 Short Blades
 + Level 0.7 Armour
 * Level 4.3 Dodging
 + Level 4.9 Stealth
 + Level 2.7 Spellcasting
 + Level 3.5 Hexes
 + Level 1.1 Ice Magic


You had 5 spell levels left.
You knew the following spells:

 Your Spells              Type           Power      Damage    Failure   Level
a - Confusing Touch       Hex            14%        N/A       13%         3
b - Ensorcelled Hibernat  Hex/Ice        20%        N/A       11%         2

Your spell library contained the following spells:

 Spells                   Type           Power      Damage    Failure   Level
 Tukima's Dance           Hex            14%        N/A       13%         3
 Apportation              Tloc           4%         N/A       19%         1
 Necrotise                Necr           8%         1d4       19%         1
 Summon Small Mammal      Summ           8%         N/A       19%         1
 Dazzling Flash           Conj/Hex       16%        N/A       26%         3
 Ozocubu's Armour         Ice            6%         N/A       32%         3
 Volatile Blastmotes      Fire/Tloc      4%         2d10      47%         3
 Fulminant Prism          Conj/Hex       4%         3d5       65%         4
 Iskenderun's Mystic Bla  Conj/Tloc      2%         2d3       87%         4
 Metabolic Englaciation   Hex/Ice        5%         N/A       88%         5
 Lee's Rapid Deconstruct  Erth           1%         3d4*      99%         5
 Simulacrum               Ice/Necr       2%         N/A       100%        6


Dungeon Overview and Level Annotations

Branches:
Dungeon (4/15)
 Temple: D:4-7

Altars:
Sif Muna


Innate Abilities, Weirdness & Mutations

You are small and have problems with some larger weapons.
You are completely attuned to the shadows.


Message History

Press: ? - help, Shift-Dir - straight line, f/p - jelly
Aim: a jelly (chance to affect: 52%)
The jelly resists with significant effort.
The jelly completely misses you.
Casting: Ensorcelled Hibernation (safe; 11% risk of failure)
Confirm with . or Enter, or press ? or * to list all spells.
You don't have enough magic to cast this spell.
The jelly attacks as you move away! The jelly closely misses you.
Throw: 9 darts (poison)
Press: ? - help, Q - select action, (/) - cycle Shift-Dir - straight line, f/p - jelly
Aim: a jelly (89% to hit)
You throw a poisoned dart. The poisoned dart hits the jelly.
The jelly misses you.
Throw: 8 darts (poison)
Press: ? - help, Q - select action, (/) - cycle Shift-Dir - straight line, f/p - jelly
Aim: a jelly (89% to hit)
You throw a poisoned dart. The poisoned dart hits the jelly.
The jelly is poisoned.
The jelly closely misses you. The jelly attacks as you move away!
The jelly hits you but does no damage.
Your magical contamination has completely faded away.
You hit the jelly.
Your hands burn!
The jelly is lightly wounded.
The jelly hits you but does no damage.
You hit the jelly.
Your hands burn!
The jelly is heavily wounded.
The jelly closely misses you.
You hit the jelly. The acid corrodes you!
Your hands burn!
The jelly is heavily wounded.
The jelly misses you.
You hit the jelly.
Your hands burn!
The jelly is severely wounded.
The jelly looks more healthy.
The jelly hits you.
You are splashed with acid!
You hit the jelly but do no damage.
Your hands burn!
* * * LOW HITPOINT WARNING * * *
The jelly is almost dead.
The jelly hits you.
* * * LOW HITPOINT WARNING * * *
You are splashed with acid!
You die...

...#####.# ##..... ..
######. ... # ###........
#######.........# #.#
................## #.# .
.....#....#......# #.# ..
.......#.#.......###.##...
.....###.#......@J.(......
#..#### .#................
........ #...)........#...
..####.# #.......#....#...
#†......##.......#....# ##
##.#..# .........###...
##....####.......# .#
###...............
##...#####........


You could see a jelly.

Vanquished Creatures
  A black bear (D:4)
  An iguana (D:4)
  Natasha (D:2)
  An orc wizard (D:3)
  10 adders
  2 worms
  2 dart slugs (D:2)
  6 orcs
  3 bats (D:3)
  6 endoplasms
  2 giant cockroaches
  5 goblins
  3 hobgoblins
  2 jackals (D:4)
  4 quokkas
  5 ball pythons
  A frilled lizard (D:3)
  12 kobolds
  7 rats
74 creatures vanquished.

Notes
Turn   | Place    | Note
-------+----------+-------------------------------------------
     0 | D:1      | Borgoz the Kobold Enchanter began the quest for the Orb.
     0 | D:1      | Reached XP level 1. HP: 10/10 MP: 3/3
    71 | D:1      | Reached XP level 2. HP: 16/16 MP: 5/5
   533 | D:1      | Reached skill level 1 in Fighting
   837 | D:2      | Reached XP level 3. HP: 20/20 MP: 6/6
   970 | D:2      | Reached XP level 4. HP: 26/26 MP: 7/7
  1205 | D:2      | Noticed Natasha
  1219 | D:2      | Killed Natasha
  1226 | D:2      | Learned a level 3 spell: Confusing Touch
  1229 | D:2      | Learned a level 2 spell: Ensorcelled Hibernation
  1439 | D:2      | Reached XP level 5. HP: 30/30 MP: 8/8
  2816 | D:4      | Reached XP level 6. HP: 28/35 MP: 1/9
  2914 | D:4      | Found a shimmering blue altar of Sif Muna.
  3144 | D:4      | Noticed a black bear
  3182 | D:4      | Killed a black bear
  3183 | D:4      | Reached skill level 1 in Ice Magic
  3219 | D:4      | Splashed by a jelly's acid

Illustrated notes

Levels and vault maps discovered:
D:1:      lightli_arrival_chessboard, layout_rooms
D:2:      layout_loops_ring, uniq_natasha
D:3:      layout_loops_corners, minmay_goblin_kobold_house
D:4:      layout_rooms, mainiacjoe_overflow_six_doors_small,
          chequers_serial_rivers_micro_c

Skill      XL: |  1  2  3  4  5  6 |
---------------+-------------------+-----
Fighting       | 1 2 3 |  3.1
Short Blades   | 2 3 |  3.8
Dodging        | 3 4 |  4.3
Ice Magic      | 1 |  1.1
Armour         | |  0.7
Stealth        | |  4.9
Spellcasting   | |  2.7
Hexes          | |  3.5

Action                     |  1- 3 |  4- 6 || total
---------------------------+-------+-------++-------
  Melee: Dagger            |    53 |   198 ||   251
         Punch             |     1 |       ||     1
  Throw: Dart              |       |     2 ||     2
   Cast: Ensorcelled Hiber |       |    11 ||    11
    Use: Potion            |       |     2 ||     2
   Stab: Sleeping          |    10 |    17 ||    27
         Invisible         |       |     6 ||     6
         Distracted        |       |     2 ||     2
 Armour: Robe              |     7 |    41 ||    48
  Dodge: Dodged            |    23 |   152 ||   175
